Map: Orbital Shipyard

Players

Zarmoxis - Winner!

  • Race: Terran Terran
  • League: Platinum

gdmsob

  • Race: Zerg Zerg
  • League: Gold

VOD

Have the link to the VOD?

Description

Time

  • Played on: Aug. 23, 2015, 7:10 a.m.
  • Length: 6:42
Show
View Real Time Build Order
Export as new Build Order

Zarmoxis Terran - Winner!

Build Orders: Liberator Opening 

Get SALT Encoding   

  12  0:00  SCV  
  13  0:13  SCV  
  14  0:17  Supply Depot  
  14  0:26  SCV  
  15  0:39  SCV  
  15  0:40  Barracks  
  16  0:45  Refinery  
  16  0:51  SCV  
  17  1:03  SCV  
  18  1:15  SCV  
  19  1:27  Marine  
  19  1:29  Supply Depot, SCV  
  21  1:47  SCV  
  21  1:50  Command Center  
  22  1:58  Factory  
  22  2:04  SCV  
  22  2:05  Refinery  
  23  2:15  Marine  
  24  2:16  SCV  
  25  2:28  SCV  
  26  2:35  Marine  
  27  2:41  SCV  
  27  2:43  Starport  
  28  2:47  Factory Reactor  
  28  2:53  SCV  
  29  3:02  SCV  
  29  3:04  Liberator, Marine  
  31  3:13  SCV  
  31  3:16  SCV  
  33  3:24  Hellion x2  
  33  3:25  SCV, Marine  
  42  3:29  SCV  
  43  3:34  Supply Depot x2  
  43  3:46  SCV  
  43  3:47  SCV, Liberator  
  45  3:56  Hellion x2  
  45  3:58  Armory  
  52  4:11  SCV  
  52  4:13  SCV  
  54  4:17  Hellion x2  
  54  4:19  Supply Depot  
  54  4:23  SCV, Marine  
  60  4:28  SCV  
  61  4:32  Engineering Bay  
  61  4:34  Liberator  
  61  4:51  Hellion x2  
  61  4:52  SCV x2  
  70  4:56  Supply Depot  
  70  5:25  Hellion x2  
  74  5:35  SCV  
  74  5:36  SCV  
  74  5:40  Command Center  
  70  5:56  Planetary Fortress  
  69  5:57  Planetary Fortress  
Show
View Real Time Build Order
Export as new Build Order

gdmsob Zerg 

Build Orders: Hatch First, Roach Nydus 

Get SALT Encoding   

  12  0:01  Drone  
  13  0:12  Overlord  
  13  0:19  Drone  
  14  0:31  Drone x2  
  14  0:35  Drone  
  17  0:53  Hatchery  
  17  0:55  Drone  
  17  0:59  Drone  
  18  1:15  Spawning Pool  
  18  1:18  Drone  
  18  1:22  Drone, Extractor  
  18  1:31  Drone  
  19  1:40  Overlord  
  19  1:56  Drone  
  20  2:06  Queen  
  20  2:07  Queen  
  25  2:08  Zergling x4  
  25  2:12  Zergling x2  
  27  2:24  Drone x2  
  29  2:34  Roach Warren  
  29  2:35  Drone x2  
  30  2:46  Lair  
  30  2:49  Queen, Extractor  
  30  2:51  Drone  
  32  3:00  Drone  
  32  3:01  Overlord  
  33  3:06  Drone  
  33  3:07  Drone x2  
  33  3:12  Overlord  
  36  3:21  Drone x2  
  38  3:38  Spore Crawler  
  38  3:39  Spore Crawler, Drone x2  
  38  3:56  Nydus Network  
  38  3:58  Roach x5  
  38  3:59  Overlord  
  47  4:04  Roach  
  47  4:08  Overlord  
  49  4:20  Pneumatized Carapace  
  49  4:23  Drone x2, Extractor  
  50  4:29  Drone x2  
  52  4:32  Overseer  
  52  4:40  Overseer  
  52  4:46  Drone x3  
  52  4:47  Overlord, Drone  
  52  4:48  Drone  
  52  4:51  Drone x2  
  59  5:07  Nydus Canal  
  59  5:08  Roach  
  59  5:09  Roach x2  
  63  5:21  Roach x3  
  53  5:31  Roach  
  53  5:32  Roach x2  
  59  5:41  Roach  
  61  5:43  Roach  
  54  5:59  Ravager  
  54  6:01  Roach  
  57  6:06  Spine Crawler  
  57  6:07  Spine Crawler  
  55  6:16  Roach  
  57  6:30  Ravager  
  57  6:31  Ravager  
Tags
 
Add a new tag
Caveats
  • Supply blocks, unpowered buildings, or Contaminate may cause inaccurate times.
  • Supply counts are checked every 10 seconds.